 Dungeon Crawl Stone Soup version 0.30.0-20-g3615ddf2f0 (webtiles) character file.

Game seed: 18251273624188985127

479 qw the Chopper (level 7, -1/44 HPs)
             Began as a Gargoyle Fighter on May 31, 2023.
             Killed from afar by Sigmund (4 damage)
             ... with a puff of flame
             ... on level 4 of the Dungeon.
             The game lasted 00:01:54 (4007 turns).

qw the Chopper (Gargoyle Fighter)                   Turns: 4007, Time: 00:01:54

Health: -1/44      AC: 14    Str: 21    XL:     7   Next: 11%
Magic:  7/7        EV:  9    Int:  9    God:
Gold:   147        SH:  4    Dex:  9    Spells: 6/6 levels left

rFire   . . .        Y - +0 war axe
rCold   . . .        c - +0 buckler
rNeg    + . .        b - +0 scale mail
rPois   inf          (no helmet)
rElec   +            j - +1 cloak
rCorr   .            (no gloves)
SInv    .            a - +0 pair of boots
Will    .....        (no amulet) Stlth
                     (no ring)
HPRegen 0.27/turn    (no ring)
MPRegen 0.10/turn

%: no passive effects
@: no status effects
A: sickness immunity, AC +4, negative energy resistance 1, electricity
resistance, torment resistance 1, petrification resistance
a: no special abilities


You were on level 4 of the Dungeon.
You visited 1 branch of the dungeon, and saw 4 of its levels.

You collected 147 gold pieces.


Innate Abilities, Weirdness & Mutations

You are immune to sickness and miasma.
Your stone body is resilient. (AC +4)
You are immune to poison.
You resist negative energy. (rN+)
You are resistant to electric shocks. (rElec)
You are resistant to unholy torment.
You are immune to petrification.


   Skills:
 - Level 4.4 Fighting
 + Level 6.1 Axes
 - Level 3.2 Armour
 - Level 1.0 Dodging
 - Level 3.2 Shields


You had 6 spell levels left.
You didn't know any spells.
Your spell library was empty.

Inventory:

Hand Weapons
 n - a +0 morningstar
 Y - a +0 war axe (weapon)
Missiles
 e - 3 boomerangs (quivered)
Armour
 a - a +0 pair of boots (worn)
 b - a +0 scale mail (worn)
 c - a +0 buckler (worn)
 j - a +1 cloak (worn)
Jewellery
 g - a ring of fire
Scrolls
 q - 2 scrolls of identify
 r - a scroll of magic mapping {unknown}
 t - a scroll of noise {unknown}
Potions
 d - a potion of might
 f - a potion of heal wounds {unknown}
 h - a potion of mutation {unknown}
 i - 2 potions of resistance
 k - a potion of ambrosia {unknown}
 l - a potion of lignification {unknown}
 m - a potion of haste {unknown}
 o - 2 potions of curing {unknown}
 p - a potion of attraction {unknown}
 s - a potion of brilliance {unknown}

Dungeon Overview and Level Annotations

Branches:
Dungeon (4/15)
 Temple: D:4-7

Altars:
Elyvilon

Annotations:
D:4 Sigmund


Message History

You swing at nothing.
Something hits you but does no damage.
You swing at nothing.
Something hits you.
You swing at nothing.
Something hits you but does no damage.
You swing at nothing.
You hear some strange, mumbled words.
Something tries to affect you, but you resist.
You swing at nothing.
Something hits you but does no damage.
You swing at nothing.
You swing at nothing.
Something hits you!
You swing at nothing.
Something hits you but does no damage.
You swing at nothing.
Something hits you but does no damage.
You swing at nothing.
Something hits you!
You swing at nothing.
Something hits you but does no damage.
You swing at nothing.
Something hits you but does no damage.
You swing at nothing.
You swing at nothing.
You hear some strange, mumbled words.
You are confused.
You bump into the tree.
Something hits you but does no damage.
You're too confused to move!
Something hits you!
You're too confused to move!
You're too confused to move!
You hear some strange, mumbled words.
Something tries to affect you, but you resist.
You feel less confused.
A puff of flame appears from out of thin air!
The puff of flame hits you.
You die...

...##.################
#####..... ........#
#.###. ...#.##.#
#.#... ...#.##.#
###### #.#.##
##.#.##.#
###....####+#.##
#.#....#
##.............##
##'####.#
##..............#
....# ###
#...~~~.........#
....#
#@.~~~~~........#
....#
#..~~7~~........#
##'###########
#..~~~~~........#
##'##..).....#
7{..~~~...7##...#
...).)......##
77.......77 ##..#
............#
77.....77 #.#
............# 77...77
.# ##'##.......#
7.....7 # #.##.......#
7.......7


There were no monsters in sight!

Vanquished Creatures
  A phantom (D:3)
  Blork the orc (D:4)
  A wight (D:4)
  A hound (D:4)
  Jessica (D:2)
  2 iguanas
  An orc wizard (D:3)
  5 adders
  2 worms
  A dart slug (D:3)
  9 orcs
  7 ball pythons
  6 bats
  7 endoplasms
  A giant cockroach (D:2)
  10 goblins
  8 hobgoblins
  7 jackals
  6 quokkas
  3 frilled lizards
  4 kobolds
  5 rats
89 creatures vanquished.

Notes
Turn   | Place    | Note
-------+----------+-------------------------------------------
     0 | D:1      | qw the Gargoyle Fighter began the quest for the Orb.
     0 | D:1      | Reached XP level 1. HP: 14/14 MP: 1/1
     0 | D:1      | 0 ||| qw: Version: 0.2-a-102-gfc559e5
     0 | D:1      | 0 ||| qw: Game counter: 512
     0 | D:1      | 0 ||| qw: Always use a shield: true
     0 | D:1      | 0 ||| qw: God list: Okawaru
     0 | D:1      | 0 ||| qw: Allow faded altars: false
     0 | D:1      | 0 ||| qw: Do Orc after D:15 true
     0 | D:1      | 0 ||| qw: Do second Lair branch before Depths: true
     0 | D:1      | 0 ||| qw: Lair rune preference: random
     0 | D:1      | 0 ||| qw: Plans: Normal, Zot:1-4, Slime:5, God:TSO, Crypt,
                  | Tomb, Pan, Hells, Abyss, Win
     0 | D:1      | 0 ||| PLANNING D:1-11
    83 | D:1      | Reached skill level 2 in Axes
   216 | D:1      | Reached XP level 2. HP: 19/19 MP: 2/2
   306 | D:1      | 306 ||| Stepping ~*~*~tactically~*~*~ (stealth).
   427 | D:1      | 427 ||| Stepping ~*~*~tactically~*~*~ (stealth).
   434 | D:1      | 434 ||| FLEEEEING.
   442 | D:1      | Reached skill level 3 in Axes
   444 | D:1      | 444 ||| Stepping ~*~*~tactically~*~*~ (stealth).
   451 | D:1      | 451 ||| Stepping ~*~*~tactically~*~*~ (stealth).
   455 | D:1      | 455 ||| Stepping ~*~*~tactically~*~*~ (stealth).
   536 | D:1      | Found a faded altar of an unknown god.
   595 | D:1      | 595 ||| READING 2 scrolls labelled VAECUPS FIUTEO.
   596 | D:1      | 596 ||| READING scroll labelled DACWIO ICIMM.
   597 | D:1      | 597 ||| READING scroll labelled YMIHESTEOJAF.
   598 | D:1      | 598 ||| READING scroll labelled ESUGAZX WODD.
   611 | D:1      | 611 ||| READING scroll labelled HOYDAP WEIBBASS.
   612 | D:1      | 612 ||| DRINKING 2 viscous brown potions.
   613 | D:1      | 613 ||| DRINKING 2 glowing yellow potions.
   614 | D:1      | 614 ||| DROPPING scroll of fear.
   615 | D:1      | 615 ||| DROPPING potion of flight.
   646 | D:2      | Reached XP level 3. HP: 23/23 MP: 3/3
   920 | D:2      | 920 ||| Stepping ~*~*~tactically~*~*~ (hiding).
   921 | D:2      | 921 ||| Stepping ~*~*~tactically~*~*~ (hiding).
   928 | D:2      | Reached XP level 4. HP: 28/28 MP: 4/4
   933 | D:2      | 933 ||| DROPPING +0 club.
  1086 | D:2      | Reached skill level 4 in Axes
  1188 | D:2      | 1188 ||| Stepping ~*~*~tactically~*~*~ (hiding).
  1196 | D:2      | Noticed Jessica
  1197 | D:2      | 1197 ||| Stepping ~*~*~tactically~*~*~ (stealth).
  1199 | D:2      | 1199 ||| Stepping ~*~*~tactically~*~*~ (hiding).
  1205 | D:2      | Killed Jessica
  1362 | D:2      | 1362 ||| Stepping ~*~*~tactically~*~*~ (stealth).
  1795 | D:2      | 1795 ||| UPGRADING to +0 pair of boots.
  1826 | D:3      | 1826 ||| STAIRDANCE
  1829 | D:2      | Reached XP level 5. HP: 22/32 MP: 5/5
  2167 | D:3      | Reached skill level 5 in Axes
  2232 | D:3      | 2232 ||| DROPPING +0 whip.
  2370 | D:3      | Noticed a phantom
  2381 | D:3      | Killed a phantom
  2382 | D:3      | Reached XP level 6. HP: 19/39 MP: 6/6
  2998 | D:3      | 2998 ||| UPGRADING to +1 cloak.
  3003 | D:3      | 3003 ||| READING 3 scrolls labelled TUETATZAGUW.
  3004 | D:3      | 3004 ||| READING scroll labelled IPRATU DETH.
  3008 | D:3      | 3008 ||| READING scroll labelled TIKHLE SATUBOE.
  3009 | D:3      | 3009 ||| DROPPING 2 scrolls of poison.
  3046 | D:4      | 3046 ||| Stepping ~*~*~tactically~*~*~ (hiding).
  3053 | D:4      | Reached skill level 1 in Dodging
  3204 | D:4      | Noticed Blork the orc
  3205 | D:4      | 3205 ||| Stepping ~*~*~tactically~*~*~ (hiding).
  3222 | D:4      | HP: 8/39 [Blork the orc/+0 scimitar (9)]
  3223 | D:4      | Killed Blork the orc
  3403 | D:4      | 3403 ||| DROPPING +0 flail.
  3439 | D:4      | Reached skill level 6 in Axes
  3439 | D:4      | Reached XP level 7. HP: 34/44 MP: 7/7
  3439 | D:4      | 3439 ||| FLEEEEING.
  3952 | D:4      | Found a white marble altar of Elyvilon.
  3963 | D:4      | Noticed Sigmund
  3964 | D:4      | 3964 ||| Stepping ~*~*~tactically~*~*~ (hiding).
  3967 | D:4      | 3967 ||| Stepping ~*~*~tactically~*~*~ (hiding).
  3969 | D:4      | 3969 ||| Stepping ~*~*~tactically~*~*~ (hiding).
  3970 | D:4      | 3970 ||| Stepping ~*~*~tactically~*~*~ (hiding).
  3996 | D:4      | HP: 8/44 [something (8)]
  4002 | D:4      | HP: 2/44 [something (8)]
  4007 | D:4      | Killed from afar by Sigmund

Levels and vault maps discovered:
D:1:      eino_arrival_water_star, layout_basic,
          chequers_ecumenical_altar_simple_redux
D:2:      layout_basic, serial_forest, infiniplex_forest_end_2,
          infiniplex_forest_straight_5, infiniplex_forest_lined_3_way,
          infiniplex_forest_clump_double, infiniplex_forest_corner_1,
          infiniplex_forest_diagonal, uniq_jessica
D:3:      layout_loops_corners, st_stairs_9
D:4:      layout_basic, elyvilon_altar_3, minmay_overflow_temple_star_quad,
          minmay_misc_feat_doors, kennysheep_small_circle, uniq_sigmund,
          uniq_blork_the_orc

Skill      XL: |  1  2  3  4  5  6 |
---------------+-------------------+-----
Axes           | 2 3 4 5 6 |  6.1
Fighting       | 4 |  4.4
Dodging        | 1 |  1.0
Armour         | |  3.2
Shields        | |  3.2

Action                     |  1- 3 |  4- 6 |  7- 9 || total
---------------------------+-------+-------+-------++-------
  Melee: War axe           |    95 |   170 |    35 ||   300
  Throw: Boomerang         |       |    24 |     5 ||    29
    Use: Scroll            |     5 |     3 |       ||     8
         Potion            |     2 |       |       ||     2
 Armour: Scale mail        |    59 |   106 |    31 ||   196
  Dodge: Dodged            |    41 |    76 |     7 ||   124
  Block: Buckler           |    17 |    26 |     6 ||    49

Table legend:
 A = Non-vault XP
 B = Vault XP
 C = Vault XP percentage of total XP
 D = Non-vault monster count
 E = Vault monster count
 F = Vault count percentage of total count
                 A         B        C        D         E       F
            +---------+---------+-------+---------+---------+-------
      Total |     500 |     185 |  27.0 |      84 |       5 |   5.6
            +---------+---------+-------+---------+---------+-------
        D:1 |      33 |       0 |   0.0 |      20 |       0 |   0.0
        D:2 |     100 |      37 |  27.0 |      29 |       1 |   3.3
        D:3 |     225 |       7 |   3.0 |      21 |       2 |   8.7
        D:4 |     142 |     141 |  49.8 |      14 |       2 |  12.5
            +---------+---------+-------+---------+---------+-------
